 Dungeon Crawl Stone Soup version 0.26-a0-1129-gc5df7fbe6a (webtiles) character file.

Game seed: 10092894795543495040

223 Dracia the Ducker (level 5, -5/57 HPs)
             Began as a Demonspawn Gladiator on Dec 18, 2020.
             Was an Initiate of Qazlal.
             Slain by an ogre
             ... wielding a +0 giant club
              (13 damage)
             ... on level 4 of the Dungeon.
             The game lasted 00:09:13 (4124 turns).

Dracia the Ducker (Demonspawn Gladiator)            Turns: 4124, Time: 00:09:13

Health: -5/57      AC:  4    Str: 15    XL:     5   Next: 66%
Magic:  5/5        EV: 13    Int: 10    God:    Qazlal [......]
Gold:   251        SH:  0    Dex: 14    Spells: 4/4 levels left

rFire    . . .     SeeInvis .     - Unarmed
rCold    . . .     Faith    .   (no shield)
rNeg     . . .     Spirit   .   b - +0 leather armour
rPois    .         Reflect  .   (helmet restricted)
rElec    .         Harm     .   (no cloak)
rCorr    .         Rampage  .   (no gloves)
Will     .....                  l - +0 pair of boots
Stlth    ..........             (no amulet)
HPRegen  0.19/turn              (no ring)
MPRegen  0.09/turn              (no ring)

@: berserking, very quick
A: hooves 1, horns 1, spiny 1
a: Renounce Religion


You were on level 4 of the Dungeon.
You worshipped Qazlal.
Qazlal was noncommittal.
You visited 1 branch of the dungeon, and saw 4 of its levels.

You collected 251 gold pieces.


Innate Abilities, Weirdness & Mutations

You have large cloven feet.
You have a pair of small horns on your head.
You are partially covered in sharp spines.


   Skills:
 - Level 2.0 Fighting
 - Level 2.6 Staves
 - Level 1.7 Throwing
 - Level 1.5 Armour
 + Level 4.1 Dodging
 * Level 3.3 Unarmed Combat


You had 4 spell levels left.
You didn't know any spells.
Your spell library was empty.

Inventory:

Missiles
 d - 3 throwing nets (quivered) {=f=f}
 g - 44 poisoned darts
Armour
 b - a +0 leather armour (worn)
 c - a +0 helmet
 l - a +0 pair of boots (worn)
 n - a +0 cloak
Jewellery
 t - an uncursed ring of teleportation
Scrolls
 e - 4 scrolls of remove curse {@r2@r2}
 f - a scroll of immolation
 h - 5 scrolls of identify {@r1@r1}
Potions
 i - 2 potions of magic
 j - a potion of invisibility {unknown}
 k - a potion of curing {@q1@q1}
 m - 2 potions of mutation

Dungeon Overview and Level Annotations

Branches:
Dungeon (4/15)
 Temple: D:4-7

Altars:
Qazlal
Sif Muna

Shops:
D:4

(
..#..#............('o...#.....#
.##..##..##........#....#.....#
.##..##..##.......#####+##....#
.#.......#........##....##o..##
.'.......#........#..........##
.#...######.......#...........#
.#...##..####+##..##....##...##
.#.......##...##..##....##...##
.######..#.....#@.#........(..#
.##..##..#.....+O.#.........((#
.##......#.....#..#.........(.#
.........#.....#..#..........(#
.....##..##....#..#####'##..(.#
.....##..##...##..##....##....#
>##..<#..##...##..........)...#
.##...#...................[...#
[#...##..##.......##....##[)..#


You could see an ogre.


Message History

You open the door.
Found a scroll of teleportation.
There is an open door here.
An ogre comes into view. It is wielding a +0 giant club.
The ogre shouts!
You see here a scroll of teleportation {@r4@r4}.
An ogre is nearby!
The ogre hits you with a +0 giant club!
You hit the ogre.
The ogre is lightly wounded.
You barely miss the ogre. You headbutt the ogre.
The ogre is moderately wounded.
The ogre is struck by your spines. The ogre hits you with a +0 giant club!
* * * LOW HITPOINT WARNING * * *
You are too injured to fight recklessly!
You are too injured to fight recklessly!
Unknown command.
You see here a scroll of teleportation {@r4@r4}.
There is an open door here.
Okay, then.
Found a leather armour.
There is a stone staircase leading up here.
The ogre is struck by your spines. The ogre completely misses you.
The ogre hits you with a +0 giant club.
* * * LOW HITPOINT WARNING * * *
Really quaff
a - a potion of berserk rage {!q!q}?
A red film seems to cover your vision as you go berserk!
You feel yourself moving faster!
You feel mighty! The ogre is struck by your spines.
The ogre hits you with a +0 giant club!
You die...

Skill      XL: |  1  2  3  4  5 |
---------------+----------------+-----
Dodging        | 3 4 |  4.1
Armour         | 1 |  1.5
Unarmed Combat | 1 2 3 |  3.3
Fighting       | |  2.0
Staves         | |  2.6
Throwing       | |  1.7

Action                   |  1- 3 |  4- 6 || total
-------------------------+-------+-------++-------
Melee: Quarterstaff      |    64 |       ||    64
       Unarmed           |    60 |   103 ||   163
       Headbutt          |     9 |    15 ||    24
       Kick              |       |    13 ||    13
       Punch             |       |     1 ||     1
  Use: Scroll            |     3 |     6 ||     9
       Potion            |       |     1 ||     1
 Stab: Sleeping          |     1 |       ||     1
Armor: Leather armour    |    23 |    15 ||    38
Dodge: Dodged            |    78 |    45 ||   123

Levels and vault maps discovered:
D:1:      scummos_arrival_hexagon, layout_loops_corners
D:2:      layout_loops_cross, led_sif_pool
D:3:      layout_rooms, lemuel_crystal_altar, gup_sewer_entry_bubbles
D:4:      layout_gridville, nicolae_overflow_crystal_walls, serial_shops,
          nicolae_shop_trees

Notes
Turn   | Place    | Note
-------+----------+-------------------------------------------
     0 | D:1      | Dracia the Demonspawn Gladiator began the quest for the
                  | Orb.
     0 | D:1      | Reached XP level 1. HP: 16/16 MP: 1/1
   411 | D:1      | Reached skill level 3 in Dodging
   431 | D:1      | Gained mutation: You are partially covered in sharp spines.
                  | [demonic ancestry]
   431 | D:1      | Reached XP level 2. HP: 22/22 MP: 2/2
   439 | D:1      | Reached skill level 1 in Armour
   959 | D:1      | You feel monstrous as your demonic heritage exerts itself.
   959 | D:1      | Gained mutation: You have a pair of small horns on your
                  | head. [demonic ancestry]
   959 | D:1      | Reached XP level 3. HP: 27/27 MP: 3/3
  1518 | D:2      | Reached skill level 1 in Unarmed Combat
  1676 | D:2      | Found a shimmering blue altar of Sif Muna.
  2288 | D:3      | Gained mutation: You have large cloven feet. [demonic
                  | ancestry]
  2288 | D:3      | Reached XP level 4. HP: 22/33 MP: 4/4
  2719 | D:3      | Reached skill level 2 in Unarmed Combat
  2726 | D:3      | Found a glowing drain.
  2745 | D:3      | HP: 2/33 [worm (10)]
  3148 | D:3      | Found a stormy altar of Qazlal.
  3158 | D:3      | Became a worshipper of Qazlal Stormbringer
  3326 | D:4      | Reached XP level 5. HP: 26/38 MP: 5/5
  3606 | D:4      | Reached skill level 4 in Dodging
  3606 | D:4      | Reached skill level 3 in Unarmed Combat
  4036 | D:4      | Found Nymott's Antique Weapon Shop.
  4069 | D:4      | Noticed an ogre
  4124 | D:4      | Slain by an ogre

Vanquished Creatures
  2 orc wizards (D:4)
  A centaur skeleton (D:4)
  2 adders
  A river rat (D:3)
  An ooze (D:2)
  4 worms
  2 dart slugs
  3 leopard geckos
  3 orcs
  3 giant cockroaches
  12 goblins
  7 hobgoblins
  11 jackals
  6 kobolds
  A quokka (D:2)
  5 ball pythons
  4 bats
  6 frilled lizards
  10 rats
84 creatures vanquished.

Table legend: (Time is in decaauts)
 A = Elapsed time spent in this place.
 B = Non-inter-level travel time spent in this place.
 C = Inter-level travel time spent in this place.
 D = Time resting spent in this place.
 E = Time spent auto-exploring this place.
 F = Levels seen in this place.
 G = Mean time per level.
                   A        B        C        D        E       F      G
               +--------+--------+--------+--------+--------+-----+--------+
         Total |   4169 |   4059 |    110 |    993 |   2426 |   4 | 1042.2 |
       Dungeon |   4169 |   4059 |    110 |    993 |   2426 |   4 | 1042.2 |
               +--------+--------+--------+--------+--------+-----+--------+

Top non-repeatable levels by time:
     D:1: 1219 daAuts
     D:2: 1073 daAuts
     D:3: 1066 daAuts
     D:4: 810 daAuts

Table legend:
 A = Non-vault XP
 B = Vault XP
 C = Vault XP percentage of total XP
 D = Non-vault monster count
 E = Vault monster count
 F = Vault count percentage of total count
                 A         B        C        D         E       F
            +---------+---------+-------+---------+---------+-------
      Total |     290 |      29 |   9.1 |      77 |       7 |   8.3
            +---------+---------+-------+---------+---------+-------
        D:1 |      46 |       0 |   0.0 |      28 |       0 |   0.0
        D:2 |      49 |       0 |   0.0 |      22 |       0 |   0.0
        D:3 |      38 |      29 |  43.3 |      16 |       7 |  30.4
        D:4 |     157 |       0 |   0.0 |      11 |       0 |   0.0
            +---------+---------+-------+---------+---------+-------
